 Dungeon Crawl Stone Soup version 0.20.0-15-g7f486f2 (webtiles) character file.

5901 Peloso the Carver (level 10, 0/88 HPs)
             Began as a Minotaur Fighter on June 11, 2017.
             Was a High Priest of Okawaru.
             Slain by a vampire (8 damage)
             ... on level 10 of the Dungeon.
             The game lasted 00:17:56 (7237 turns).

Peloso the Carver (Minotaur Fighter)                Turns: 7237, Time: 00:17:57

Health: 0/88       AC: 16    Str: 22    XL:     10   Next: 53%
Magic:  9/9        EV:  8    Int:  5    God:    Okawaru [*****.]
Gold:   327        SH: 12    Dex: 12    Spells: 9/9 levels left

rFire    . . .     SeeInvis +   a - +0 long sword
rCold    . . .     Gourm    .   c - +0 shield
rNeg     . . .     Faith    .   i - +0 chain mail
rPois    .         Spirit   .   (helmet restricted)
rElec    .         Reflect  .   l - +0 cloak
rCorr    .         Harm     .   I - +2 pair of gloves
MR       +....                  (no boots)
Stlth    ..........             (no amulet)
Regen    0.3/turn               y - ring of protection from magic
MPRegen  0.2/turn               C - ring of see invisible

@: no status effects
A: retaliatory headbutt, horns 2
a: Heroism, Finesse, Renounce Religion


You were on level 10 of the Dungeon.
You worshipped Okawaru.
Okawaru was extremely pleased with you.
You were not hungry.

You visited 1 branch of the dungeon, and saw 10 of its levels.

You collected 606 gold pieces.
You spent 279 gold pieces at shops.

Inventory:

Hand Weapons
 a - a +0 long sword (weapon)
Armour
 c - a +0 shield (worn)
 i - a +0 chain mail (worn)
 l - a +0 cloak (worn)
 m - a +0 pair of gloves
 I - a +2 pair of gloves (worn)
Jewellery
 p - an uncursed ring of ice
 x - an uncursed ring of fire
 y - a ring of protection from magic (left hand)
 C - a ring of see invisible (right hand)
Wands
 j - a wand of flame (14/48)
 t - a wand of enslavement (3/24)
 E - a wand of iceblast (6/15)
 O - a wand of confusion (27/48)
Scrolls
 d - a scroll of immolation {unknown}
 e - 10 scrolls of remove curse
 k - a scroll of noise {unknown}
 o - a scroll of holy word {unknown}
 s - 2 scrolls of enchant armour {unknown}
 z - 7 scrolls of teleportation
 B - a scroll of fear {unknown}
 D - 2 scrolls of fog
 F - 3 scrolls of enchant weapon
 G - a scroll of blinking
 J - a scroll of acquirement {unknown}
 K - 3 scrolls of identify
 L - 3 scrolls of recharging {unknown}
 M - a scroll of torment {unknown}
Potions
 h - 2 potions of flight
 n - 5 potions of heal wounds
 q - a potion of brilliance
 r - a potion of ambrosia
 w - 2 potions of curing {unknown}
 A - a potion of magic
 H - 2 potions of invisibility {unknown}
 N - a potion of might
Books
 P - a book of Callings

   Spells                             Type                      Level
   a - Summon Small Mammal            Summoning                    1
   b - Call Imp                       Summoning                    2
   c - Call Canine Familiar           Summoning                    3
   d - Summon Guardian Golem          Hexes/Summoning              3
   e - Summon Lightning Spire         Summoning/Air                4
   f - Summon Ice Beast               Ice/Summoning                4
Comestibles
 f - 7 bread rations
 g - 4 royal jellies
 u - 12 fruits
 v - 4 meat rations


   Skills:
 + Level 8.0 Fighting
 + Level 11.8 Long Blades
 + Level 9.1 Armour
 + Level 3.0 Dodging
 + Level 1.4 Stealth
 + Level 9.6 Shields
 + Level 0.8 Invocations
 + Level 0.8 Evocations


You had 9 spell levels left.
You didn't know any spells.

Dungeon Overview and Level Annotations

Branches:
Dungeon (10/15)            Temple (0/1) D:5            Lair (0/6) D:9
    Orc (0/2) D:9

Altars:
Ashenzari
Cheibriados
Dithmenos
Elyvilon
Fedhas
Hepliaklqana
Makhleb
Nemelex Xobeh
Okawaru
Ru
Sif Muna
Vehumet
The Shining One

Shops:
D:4 *   D:6 :[%?(   D:7 =


Innate Abilities, Weirdness & Mutations

You reflexively headbutt those who attack you in melee.
You have a pair of horns on your head.


Message History

You resist with almost no effort. You block the bullfrog's attack.
Unknown command.
You hit the vampire but do no damage.
The vampire is almost destroyed.
The bullfrog hits you but does no damage.
The vampire is infused with unholy energy.
* * * LOW HITPOINT WARNING * * *
The vampire draws life force from you and is healed!
You completely miss the vampire.
The vampire is heavily damaged.
The bullfrog hits you but does no damage.
The vampire hits you!
* * * LOW HITPOINT WARNING * * *
The vampire bites you but does no damage.
You hit the vampire but do no damage.
The vampire is heavily damaged.
The bullfrog barely misses you.
The bullfrog hits you but does no damage.
The vampire hits you!
You die...

#..# #..........
#..####..#...##..
#........#.###
#........##.
#........# #.
#........#######
#...............
#.[............>
........@........
.......F†V.####..
###........# .
#........#
#........#
#........#
#........#
#........#


You could see a vampire (invisible) and a bullfrog.

Vanquished Creatures
  The ghost of donomii the Magician, a novice FoWz of Vehumet (D:5)
  2 trolls
  2 hippogriffs
  4 yaks (D:9)
  4 ice beasts
  A sky beast (D:5)
  2 necrophages
  The ghost of Peloso the Covered, an amateur MiFi (D:3)
  3 phantoms
  4 ogres
  A centaur (D:7)
  3 wolves (D:9)
  8 bullfrogs
  A wyvern skeleton (D:7)
  A scorpion (D:6)
  5 wights (D:7)
  4 killer bees (D:8)
  3 electric eels (D:9)
  6 crimson imps
  A centaur zombie (D:6)
  A bullfrog zombie (D:6)
  2 gnoll shamans (D:4)
  3 orc priests
  A centaur skeleton (D:7)
  11 hounds
  Jessica (D:3)
  Natasha (thrice) (D:2)
  An iguana (D:8)
  6 worker ants
  Ijyb (D:3)
  A hound skeleton (D:6)
  A worker ant zombie (D:8)
  15 gnolls
  6 adders
  10 river rats (D:5)
  3 shadow imps
  An ooze (D:6)
  An adder zombie (D:9)
  A worm (D:2)
  A dart slug (D:2)
  2 leopard geckos (D:5)
  13 orcs
  4 ball pythons
  6 bats
  4 giant cockroaches
  5 goblins
  2 hobgoblins (D:2)
  16 jackals
  7 kobolds
  7 quokkas
  8 frilled lizards
  A leopard gecko skeleton (D:5)
  23 rats
225 creatures vanquished.

Notes
Turn   | Place    | Note
-------+----------+-------------------------------------------
     0 | D:1      | Peloso the Minotaur Fighter began the quest for the Orb.
     0 | D:1      | Reached XP level 1. HP: 19/19 MP: 0/0
   178 | D:1      | Reached XP level 2. HP: 20/27 MP: 1/1
   879 | D:2      | Found a glowing golden altar of the Shining One.
   881 | D:2      | Found a shattered altar of Ashenzari.
   881 | D:2      | Found a shadowy altar of Dithmenos.
   881 | D:2      | Found a deep blue altar of Sif Muna.
   882 | D:2      | Noticed Natasha
   883 | D:2      | Found a white marble altar of Elyvilon.
   883 | D:2      | Found an iron altar of Okawaru.
   891 | D:2      | Killed Natasha
   891 | D:2      | Reached XP level 3. HP: 11/33 MP: 2/2
   904 | D:2      | Became a worshipper of Warmaster Okawaru
  1130 | D:2      | Noticed Natasha
  1131 | D:2      | Killed Natasha
  1131 | D:2      | Reached skill level 3 in Long Blades
  1131 | D:2      | Reached XP level 4. HP: 40/40 MP: 3/3
  1343 | D:2      | Noticed Natasha
  1348 | D:2      | Killed Natasha
  1705 | D:3      | Found a sparkling altar of Nemelex Xobeh.
  1723 | D:3      | Noticed Jessica
  1726 | D:3      | Killed Jessica
  1726 | D:3      | Reached XP level 5. HP: 47/47 MP: 4/4
  1751 | D:3      | Reached skill level 5 in Shields
  1753 | D:3      | Reached * piety under Okawaru
  1753 | D:3      | Reached skill level 4 in Long Blades
  1800 | D:3      | Noticed Peloso's ghost (amateur MiFi)
  1808 | D:3      | Killed Peloso's ghost
  1808 | D:3      | Reached skill level 5 in Armour
  1808 | D:3      | Reached XP level 6. HP: 53/53 MP: 5/5
  1816 | D:3      | Noticed Ijyb
  1823 | D:3      | Killed Ijyb
  1916 | D:3      | Noticed an ice beast
  1924 | D:3      | Reached skill level 1 in Dodging
  2027 | D:3      | Killed an ice beast
  2027 | D:3      | Reached ** piety under Okawaru
  2027 | D:3      | Reached skill level 5 in Fighting
  2027 | D:3      | Reached skill level 5 in Long Blades
  2222 | D:4      | Reached XP level 7. HP: 40/61 MP: 6/6
  2384 | D:4      | Found Quinwuj's General Store.
  2393 | D:4      | Bought a scroll of remove curse for 39 gold pieces
  2428 | D:4      | Reached skill level 6 in Long Blades
  2624 | D:5      | Entered Level 5 of the Dungeon
  2818 | D:5      | Reached *** piety under Okawaru
  2818 | D:5      | Reached skill level 7 in Long Blades
  2891 | D:5      | Reached XP level 8. HP: 55/70 MP: 7/7
  2907 | D:5      | Noticed donomii's ghost (novice FoWz)
  2922 | D:5      | Killed donomii's ghost
  2922 | D:5      | Reached skill level 8 in Long Blades
  3268 | D:5      | Found a staircase to the Ecumenical Temple.
  3647 | D:6      | Found Faranoi's Magic Scroll Shoppe.
  3676 | D:6      | Bought a scroll of enchant weapon for 90 gold pieces
  3676 | D:6      | Bought a scroll of fog for 24 gold pieces
  3676 | D:6      | Bought a scroll of blinking for 90 gold pieces
  3676 | D:6      | Bought a scroll of teleportation for 36 gold pieces
  3692 | D:6      | Found Gadal's Antique Weapon Emporium.
  3745 | D:6      | Noticed a troll
  3754 | D:6      | Killed a troll
  3754 | D:6      | Reached **** piety under Okawaru
  3754 | D:6      | Reached skill level 1 in Stealth
  3798 | D:6      | Reached skill level 9 in Long Blades
  3800 | D:6      | Found Rink's Food Boutique.
  3848 | D:6      | Reached XP level 9. HP: 56/78 MP: 8/8
  3902 | D:6      | Found a radiant altar of Vehumet.
  4169 | D:6      | Found Zaaclim's Book Shop.
  4174 | D:6      | Found Tacvaimi's Armour Boutique.
  4485 | D:7      | Reached skill level 10 in Long Blades
  4515 | D:7      | Found Ifaulelu's Jewellery Shoppe.
  4592 | D:7      | Reached ***** piety under Okawaru
  4991 | D:7      | Found a hazy altar of Hepliaklqana.
  5388 | D:8      | Found a burning altar of Makhleb.
  6026 | D:8      | Reached XP level 10. HP: 88/88 MP: 9/9
  6301 | D:8      | Reached skill level 11 in Long Blades
  6322 | D:8      | Found a sacrificial altar of Ru.
  6364 | D:9      | Found a staircase to the Orcish Mines.
  6370 | D:9      | Found a blossoming altar of Fedhas.
  6800 | D:9      | Found a snail-covered altar of Cheibriados.
  6877 | D:9      | Found a staircase to the Lair.
  7101 | D:10     | Entered Level 10 of the Dungeon
  7237 | D:10     | Slain by a vampire

Skill      XL: |  1  2  3  4  5  6  7  8  9 10 |
---------------+-------------------------------+-----
Fighting       | 4 5 6 7 8 |  8.0
Shields        | 4 5 6 7 8 9 |  9.6
Armour         | 4 5 7 8 9 |  9.1
Long Blades    | 3 4 5 7 9 10 11 | 11.8
Dodging        | 1 2 3 |  3.0
Stealth        | 1 |  1.4
Invocations    | |  0.8
Evocations     | |  0.8

Action                   |  1- 3 |  4- 6 |  7- 9 | 10-12 || total
-------------------------+-------+-------+-------+-------++-------
Melee: Long sword        |    81 |    97 |   429 |   151 ||   758
       Headbutt          |    10 |    18 |    74 |    43 ||   145
Invok: Heroism           |       |       |     3 |     2 ||     5
Evoke: Wand              |       |       |       |     3 ||     3
  Use: Potion            |     3 |     2 |     1 |       ||     6
       Scroll            |       |       |     6 |     1 ||     7
  Eat: Chunk             |     1 |     3 |    13 |     4 ||    21
Armor: Scale mail        |    26 |       |       |       ||    26
       Chain mail        |    32 |    55 |   188 |    59 ||   334
Dodge: Dodged            |    29 |    36 |   114 |    45 ||   224
Block: Shield            |    46 |    52 |   231 |    91 ||   420
       Rpst.: Long sword |     9 |    13 |    31 |     9 ||    62
